[Event "January 9 Late 2024"]
[Site "https://www.chess.com"]
[Date "2024.01.09"]
[Round "9"]
[White "Mizzi, Jack"]
[Black "Kleiman, Jake"]
[Result "0-1"]
[Board "79"]
[TimeControl "180+1"]
[WhiteFideId "5602521"]
[BlackFideId "2020041"]
[WhiteElo "2493"]
[BlackElo "2660"]
[WhiteTeam "MLT"]
[BlackTeam "USA"]
[WhiteClock "0:00:02"]
[BlackClock "0:00:34"]

1. d4 Nf6 2. c4 e6 3. g3 Bb4+ 4. Nd2 O-O 5. Bg2 d5 6. Qc2 b6 7. Nf3 Bb7 8. O-O dxc4 9. Nxc4 Be4 10. Qb3 Be7 11. Rd1 Nbd7 12. Nfe5 Bxg2 13. Kxg2 Qc8 14. Nc6 Re8 15. Qf3 Bf8 16. N4e5 Nxe5 17. dxe5 Nd5 18. Bd2 Ne7 19. Nxe7+ Bxe7 20. Qc6 Qa6 21. Kf1 Rac8 22. Be3 Qa5 23. f4 Qb4 24. b3 Red8 25. Kg2 h5 26. h4 Bf8 27. Rac1 g6 28. Qc2 c5 29. Rxd8 Rxd8 30. Rd1 Rd5 31. Rxd5 exd5 32. f5 Qg4 33. fxg6 fxg6 34. Bf2 Kf7 35. Qd3 Qe4+ 36. Qf3+ Ke6 37. Be1 Bg7 38. Bc3 Bxe5 39. Bxe5 Kxe5 40. Kf2 Qxf3+ 41. exf3 b5 42. Ke3 d4+ 43. Kd3 Kd5 44. a3 c4+ 45. bxc4+ bxc4+ 46. Kd2 Kc5 47. Kc2 Kd5 48. Kd2 Ke5 49. Ke2 Kf5 50. Kd2 g5 51. hxg5 Kxg5 52. Kc2 h4 53. f4+ Kg4 54. f5 Kxf5 55. gxh4 Kg4 56. a4 Kxh4 57. Kb2 Kg3 58. Ka3 Kf2 59. Kb4 d3 60. Kc3 Ke2 0-1

[Event "January 9 Late 2024"]
[Site "https://www.chess.com"]
[Date "2024.01.09"]
[Round "9"]
[White "Suich, Peter D"]
[Black "Rosen, Eric"]
[Result "0-1"]
[Board "80"]
[TimeControl "180+1"]
[WhiteFideId "2050366"]
[BlackFideId "2032562"]
[WhiteElo "2492"]
[BlackElo "2648"]
[WhiteTeam "USA"]
[BlackTeam "USA"]
[WhiteClock "0:00:00"]
[BlackClock "0:00:04"]

1. d4 d5 2. c4 e6 3. Nf3 Nf6 4. g3 dxc4 5. Bg2 Bb4+ 6. Bd2 c5 7. Bxb4 cxb4 8. Ne5 O-O 9. Nxc4 Nc6 10. e3 e5 11. dxe5 Qxd1+ 12. Kxd1 Ng4 13. Ke2 Ngxe5 14. Nbd2 Bg4+ 15. f3 Bf5 16. Nxe5 Nxe5 17. e4 Bd7 18. f4 Bb5+ 19. Ke3 Ng4+ 20. Kf3 Rad8 21. Rad1 h5 22. Nb3 Nxh2+ 23. Kf2 Ng4+ 24. Kf3 Bc6 25. Rxd8 Rxd8 26. Rxh5 Nf6 27. Re5 Nxe4 28. Bf1 f6 29. Ra5 a6 30. Bc4+ Kf8 31. Rh5 Nd2+ 32. Ke2 Nxc4 33. Nc5 Kf7 34. f5 Rd2+ 35. Ke1 Rd5 0-1

[Event "January 9 Late 2024"]
[Site "https://www.chess.com"]
[Date "2024.01.09"]
[Round "9"]
[White "Murtazin, Bulat"]
[Black "Vlassov, Nikolai"]
[Result "1-0"]
[Board "81"]
[TimeControl "180+1"]
[WhiteFideId "24151351"]
[BlackFideId "4103360"]
[WhiteElo "2489"]
[BlackElo "2634"]
[WhiteTeam "RUS"]
[BlackTeam "FID"]
[WhiteClock "0:00:09"]
[BlackClock "0:00:00"]

1. e4 c5 2. Nf3 d6 3. d4 cxd4 4. Nxd4 Nf6 5. Nc3 g6 6. Be2 Bg7 7. O-O O-O 8. Re1 Nc6 9. Nb3 Be6 10. Bf1 Qc8 11. Bg5 Rd8 12. Nd5 Bxd5 13. exd5 Nb4 14. Bxf6 Bxf6 15. c3 Na6 16. Bxa6 bxa6 17. Qd3 Rb8 18. Re2 Rb5 19. Rc1 Qb7 20. c4 Rb4 21. Na5 Qb6 22. Nc6 a5 23. Nxd8 Qxd8 24. b3 Qb6 25. Qe3 Qb7 26. g3 a4 27. bxa4 Rxa4 28. Qd3 Kg7 29. Rec2 Qa6 30. Qe2 Ra3 31. Rb1 h5 32. h4 Qa5 33. Kg2 a6 34. Rb3 Ra4 35. Qd2 Qc5 36. Qe3 Bd4 37. Qd3 Bf6 38. Qe3 Bd4 39. Qxe7 Rxc4 40. Rxc4 Qxd5+ 41. Rf3 Qxc4 42. Qxd6 Ba1 43. Ra3 Qe4+ 44. Kh2 Bd4 45. Qf4 Qxf4 46. gxf4 Bxf2 47. Kh3 Kf6 48. Rxa6+ Kf5 49. Ra4 Be1 50. Rd4 Bf2 51. Rc4 Be1 52. a4 Bd2 53. Kg3 Be1+ 54. Kf3 Bxh4 55. a5 Bd8 56. a6 Bb6 57. Rb4 Bg1 58. Rb7 f6 59. a7 Bxa7 60. Rxa7 g5 61. Ra5+ Kg6 62. f5+ Kh6 63. Ra7 g4+ 64. Kf4 g3 65. Kxg3 Kg5 66. Ra5 1-0

[Event "January 9 Late 2024"]
[Site "https://www.chess.com"]
[Date "2024.01.09"]
[Round "9"]
[White "Reprintsev, Alexander"]
[Black "Gubajdullin, Alexei"]
[Result "1-0"]
[Board "82"]
[TimeControl "180+1"]
[WhiteFideId "14100541"]
[BlackFideId "4141202"]
[WhiteElo "2480"]
[BlackElo "2621"]
[WhiteTeam "UKR"]
[BlackTeam "RUS"]
[WhiteClock "0:00:15"]
[BlackClock "0:00:00"]

1. e4 e5 2. f4 exf4 3. Bc4 d6 4. d4 Qh4+ 5. Kf1 g5 6. Nf3 Qh5 7. Nc3 g4 8. Ne1 f3 9. Nd5 Kd8 10. Nf4 Qh4 11. gxf3 gxf3 12. Nxf3 Qe7 13. Qd3 c6 14. Bd2 Bh6 15. Re1 Nf6 16. e5 Bg4 17. Rg1 Bxf3 18. Qxf3 Nfd7 19. Bxf7 Qxf7 20. e6 Qf5 21. exd7 Kxd7 22. Re7+ Kxe7 23. Nd5+ Ke6 24. Nc7+ Kf6 25. Qxf5+ Kxf5 26. Bxh6 Nd7 27. Nxa8 Rxa8 28. Rg7 Nf6 29. Rxb7 Re8 30. Rxa7 Ng4 31. Rxh7 Nxh2+ 32. Kg2 Re2+ 33. Kg3 Rxc2 34. Rb7 Ng4 35. Bf8 Nf6 36. a4 Ne4+ 37. Kf3 d5 38. a5 Rc1 39. a6 Ra1 40. a7 Ra6 41. Bc5 Nxc5 42. dxc5 Ke5 43. Ke3 d4+ 44. Kd3 Kd5 45. b4 Ra3+ 46. Kc2 Kc4 47. Kb2 Ra4 48. b5 cxb5 49. c6 d3 50. c7 Rb4+ 51. Kc1 Kb3 52. c8=Q Rg4 53. Qxg4 1-0

[Event "January 9 Late 2024"]
[Site "https://www.chess.com"]
[Date "2024.01.09"]
[Round "9"]
[White "Li, Tedric"]
[Black "Zhu, Jiner"]
[Result "0-1"]
[Board "83"]
[TimeControl "180+1"]
[WhiteFideId "3242897"]
[BlackFideId "8608059"]
[WhiteElo "2473"]
[BlackElo "2606"]
[WhiteTeam "AUS"]
[BlackTeam "CHN"]
[WhiteClock "0:00:11"]
[BlackClock "0:00:39"]

1. d4 Nf6 2. c4 g6 3. Nc3 Bg7 4. e4 d6 5. Be2 O-O 6. Nf3 Nc6 7. d5 Ne5 8. Nxe5 dxe5 9. O-O Nd7 10. Be3 f5 11. f3 Nf6 12. b4 f4 13. Bf2 g5 14. c5 h5 15. Bc4 Kh8 16. Qe2 Qe8 17. Rfd1 Qg6 18. d6 exd6 19. cxd6 c6 20. b5 Bd7 21. bxc6 bxc6 22. Na4 g4 23. Kh1 g3 24. Bg1 gxh2 25. Bf2 h4 26. Bxh4 Nh5 27. Nc5 Rad8 28. Rab1 Ng3+ 29. Bxg3 fxg3 30. Rb7 Bc8 31. Rxa7 Rxd6 32. Ra3 Rfd8 33. Rad3 Rd4 34. Nb3 Rxd3 35. Rxd3 Rxd3 36. Qxd3 Qg5 37. a4 Qe7 38. Qd2 Kh7 39. a5 Bh6 40. Qe1 Qa7 41. Bd3 Be6 42. Na1 Bd2 43. Qf1 Qxa5 44. Nc2 Bf4 45. Bc4 Bc8 46. Ne1 Qc3 47. Be2 Qe3 48. Nd3 Be6 49. Nxf4 exf4 50. Ba6 Kh6 51. Qd1 c5 52. Bf1 Qg1# 0-1

[Event "January 9 Late 2024"]
[Site "https://www.chess.com"]
[Date "2024.01.09"]
[Round "9"]
[White "Yang, Kevin"]
[Black "Garrido Diaz, Jose Antonio"]
[Result "1-0"]
[Board "84"]
[TimeControl "180+1"]
[WhiteFideId "30908485"]
[BlackFideId "24516252"]
[WhiteElo "2604"]
[BlackElo "2464"]
[WhiteTeam "USA"]
[BlackTeam "ESP"]
[WhiteClock "0:01:00"]
[BlackClock "0:01:11"]

1. d4 Nf6 2. Nc3 d5 3. Bf4 c6 4. e3 Bf5 5. f3 h5 6. h4 g6 7. Bd3 Bxd3 8. Qxd3 Bg7 9. O-O-O Nbd7 10. Nge2 Qa5 11. Kb1 O-O-O 12. Bg3 Rhe8 13. e4 dxe4 14. fxe4 e5 15. d5 Nc5 16. Qc4 cxd5 17. exd5 Kb8 18. b4 Qa3 19. Qxc5 Bf8 20. d6 Rc8 21. Qa5 Rxc3 22. Nxc3 Qxc3 23. d7 Nxd7 24. Rxd7 Qxb4+ 25. Qxb4 Bxb4 26. Rxf7 1-0

[Event "January 9 Late 2024"]
[Site "https://www.chess.com"]
[Date "2024.01.09"]
[Round "9"]
[White "Nikologorsky, Matfei"]
[Black "Onufrienko, Vladislav"]
[Result "1-0"]
[Board "85"]
[TimeControl "180+1"]
[WhiteFideId "24102474"]
[BlackFideId "13804332"]
[WhiteElo "2458"]
[BlackElo "2599"]
[WhiteTeam "FID"]
[BlackTeam "KGZ"]
[WhiteClock "0:00:29"]
[BlackClock "0:00:00"]

1. e4 Nf6 2. e5 Nd5 3. Bc4 Nb6 4. Bb3 c5 5. c3 d5 6. d4 cxd4 7. cxd4 Nc6 8. Ne2 Bf5 9. Nd2 e6 10. Nf3 Be7 11. O-O Rc8 12. Bd2 O-O 13. Rc1 Bg6 14. Nf4 Be4 15. Be3 Nb4 16. a3 Nc6 17. Bc2 Bxc2 18. Rxc2 Na5 19. Rxc8 Qxc8 20. Nh5 Nbc4 21. Bc1 Qd7 22. Ng5 h6 23. Nh3 f6 24. Qg4 Bd8 25. Bxh6 f5 26. Qg3 Rf7 27. N3f4 Nd2 28. Rd1 Ne4 29. Qg6 Bh4 30. Bxg7 Rxg7 31. Nxg7 Qxg7 32. Qxg7+ Kxg7 33. g3 Be7 34. Nxe6+ Kf7 35. Nf4 Nb3 36. Nxd5 Ned2 37. Kg2 1-0

[Event "January 9 Late 2024"]
[Site "https://www.chess.com"]
[Date "2024.01.09"]
[Round "9"]
[White "Urbina Perez, Juan Antonio"]
[Black "Espinoza Villanueva, Rodrigo"]
[Result "1/2-1/2"]
[Board "86"]
[TimeControl "180+1"]
[WhiteFideId "2217368"]
[BlackFideId "5140188"]
[WhiteElo "2515"]
[BlackElo "2590"]
[WhiteTeam "ESP"]
[BlackTeam "MEX"]
[WhiteClock "0:01:41"]
[BlackClock "0:01:23"]

1. d4 Nf6 2. c4 e6 3. Nf3 c5 4. d5 exd5 5. cxd5 d6 6. Nc3 g6 7. h3 Bg7 8. Bf4 O-O 9. e3 Re8 10. Be2 Nbd7 11. O-O Nb6 12. a4 a5 13. Bb5 Bd7 14. Be2 c4 15. Re1 Qc7 16. Bf1 Rad8 17. e4 Qc5 18. Be3 Qb4 19. Bd4 Rc8 20. Qd2 Nh5 21. Bxg7 Nxg7 22. Nd4 Nxa4 23. Rab1 Nc5 24. f3 f5 25. exf5 Nxf5 26. Nxf5 Bxf5 27. Rxe8+ Rxe8 28. Re1 Rxe1 29. Qxe1 Qxb2 30. Qe8+ Kg7 31. Qe7+ Kg8 32. Qe8+ Kg7 33. Qe7+ Kg8 34. Qe8+ 1/2-1/2

[Event "January 9 Late 2024"]
[Site "https://www.chess.com"]
[Date "2024.01.09"]
[Round "9"]
[White "Haszon, David"]
[Black "Rogov, Matfey"]
[Result "1-0"]
[Board "87"]
[TimeControl "180+1"]
[WhiteFideId "733610"]
[BlackFideId "44191308"]
[WhiteElo "2416"]
[BlackElo "2572"]
[WhiteTeam "HUN"]
[BlackTeam "RUS"]
[WhiteClock "0:00:16"]
[BlackClock "0:00:02"]

1. d4 Nf6 2. Bf4 d6 3. Nc3 Nc6 4. Qd2 e5 5. dxe5 dxe5 6. Qxd8+ Kxd8 7. O-O-O+ Bd7 8. Bg5 Be7 9. f3 h6 10. Bh4 a6 11. e4 Nd4 12. Nge2 c5 13. Bxf6 Bxf6 14. Nd5 Bg5+ 15. Kb1 Ba4 16. b3 Bb5 17. Nc1 Bxc1 18. Kxc1 Bxf1 19. Rhxf1 Rb8 20. c3 Ne6 21. Ne3+ Ke7 22. Nf5+ Kf6 23. Rd7 Rhd8 24. Rfd1 Rxd7 25. Rxd7 b5 26. g3 Rd8 27. Rxd8 Nxd8 28. Nd6 h5 29. Ne8+ Kg6 30. Nc7 h4 31. Nxa6 c4 32. bxc4 bxc4 33. Nb4 f5 34. Kd2 Nb7 35. a4 Nc5 36. a5 Nb3+ 37. Ke3 Nxa5 38. Nd5 hxg3 39. hxg3 Kg5 40. exf5 Kxf5 41. g4+ Kg5 42. Nb6 g6 43. Ke4 Kf6 44. Kd5 g5 45. Nxc4 Nb7 46. Nxe5 Nd8 47. c4 Ne6 48. Nd3 Nc7+ 49. Kd6 Ne6 50. c5 Nd4 51. c6 Nb5+ 52. Kc5 Nc7 53. Kd6 Nb5+ 54. Kd7 Nd4 55. c7 Nxf3 56. c8=Q Ne5+ 57. Nxe5 Kxe5 58. Qf8 1-0

[Event "January 9 Late 2024"]
[Site "https://www.chess.com"]
[Date "2024.01.09"]
[Round "9"]
[White "Tulchynskyi, Feliks"]
[Black "Avalos Parra, Joao"]
[Result "1-0"]
[Board "88"]
[TimeControl "180+1"]
[WhiteFideId "34127895"]
[BlackFideId "3402541"]
[WhiteElo "2565"]
[BlackElo "2418"]
[WhiteTeam "UKR"]
[BlackTeam "CHI"]
[WhiteClock "0:00:18"]
[BlackClock "0:00:12"]

1. Nf3 d5 2. b3 Nf6 3. Bb2 Bf5 4. g3 h6 5. Bg2 e6 6. O-O Nbd7 7. c4 Bd6 8. d4 O-O 9. c5 Be7 10. b4 c6 11. Nh4 Bh7 12. f4 Be4 13. Nf3 a5 14. a3 b6 15. Nc3 bxc5 16. bxc5 Qb8 17. Qd2 Bh7 18. Ne5 Rc8 19. Rae1 Qb7 20. e3 Rab8 21. Ba1 Qb3 22. a4 Nxe5 23. fxe5 Nd7 24. Rf2 Rf8 25. Ref1 Qc4 26. Bf3 Qa6 27. Be2 Qb7 28. Bh5 f6 29. Bg4 fxe5 30. Bxe6+ Kh8 31. Rxf8+ Rxf8 32. Rxf8+ Nxf8 33. Bg4 Qb4 34. Bd1 exd4 35. exd4 Bg5 36. Qf2 Ne6 37. h4 Bf6 38. Ne2 Be4 39. Bc3 Qb8 40. Bxa5 Qa8 41. Bc3 Qe8 42. a5 Nc7 43. Nf4 Nb5 44. Bb2 Qa8 45. Qd2 Kg8 46. Be2 Nc7 47. Qb4 g5 48. Nh5 Be7 49. Qb6 Ne6 50. a6 Bd8 51. Qb7 Nc7 52. Qxa8 Nxa8 53. hxg5 hxg5 54. Bg4 Bd3 55. a7 Ba6 56. Bd7 Bb7 57. g4 Kf7 58. Bc1 Ke7 59. Bf5 Ke8 60. Ng7+ Kf7 61. Ne6 Bf6 62. Nxg5+ Ke7 63. Nf3 Nc7 64. g5 Bg7 65. Bf4 Nb5 66. Be5 Bf8 67. g6 Nxa7 68. g7 Bxg7 69. Bxg7 Nb5 70. Be5 Nc3 71. Kf2 Ba6 72. Ke3 Bc4 73. Bf4 Nd1+ 74. Kd2 Nf2 75. Ne5 Bb5 76. Bg5+ Ke8 77. Bg6+ Kf8 78. Nd7+ Kg7 79. Bf5 Kf7 80. Ne5+ Kg7 81. Bd7 Ne4+ 82. Ke3 Nxg5 83. Bxc6 Bc4 84. Nxc4 dxc4 85. Bd5 Kf6 86. Bxc4 Ke7 87. d5 Kd7 88. Bb5+ Kc7 89. d6+ Kd8 90. Kd4 Ne6+ 91. Kd5 Nf4+ 92. Ke5 Ng6+ 93. Kf5 Nf8 94. c6 Nh7 95. c7+ Kc8 96. Ba6+ Kd7 97. c8=Q+ Kxd6 98. Qe6+ Kc7 99. Qe7+ 1-0

[Event "January 9 Late 2024"]
[Site "https://www.chess.com"]
[Date "2024.01.09"]
[Round "9"]
[White "Bogaudinov, Rushan"]
[Black "Przybylski, Wojciech"]
[Result "0-1"]
[Board "89"]
[TimeControl "180+1"]
[WhiteFideId "4129288"]
[BlackFideId "1117599"]
[WhiteElo "2409"]
[BlackElo "2560"]
[WhiteTeam "RUS"]
[BlackTeam "POL"]
[WhiteClock "0:00:13"]
[BlackClock "0:00:06"]

1. e4 c5 2. Nf3 d6 3. d4 cxd4 4. Nxd4 Nf6 5. Bd3 e5 6. Ne2 Be7 7. O-O O-O 8. f4 Nc6 9. Ng3 Qb6+ 10. Kh1 Ng4 11. Qe1 exf4 12. Rxf4 Nce5 13. Nc3 Bg5 14. Nd5 Qd8 15. Rf1 Be6 16. Nf5 Bxd5 17. exd5 Nxd3 18. cxd3 Bxc1 19. Rxc1 Ne5 20. Qg3 g6 21. d4 Nd7 22. Nxd6 Nf6 23. Qe5 Ng4 24. Qf4 h5 25. h3 Ne3 26. Nxb7 Qxd5 27. Qxe3 Qxb7 28. b3 Rfe8 29. Qd3 Rad8 30. Rcd1 Rd5 31. Rfe1 Red8 32. Re4 Rg5 33. Rde1 Kg7 34. Qe3 Rgd5 35. Re7 Qc6 36. Rf1 Rf8 37. Qe4 Qd6 38. Rf4 Rg5 39. Re5 Rxe5 40. dxe5 Qd1+ 41. Kh2 Qd7 42. Rf6 Re8 43. Qf4 Re7 44. h4 Qe8 45. Qd4 Rxe5 46. Rd6 Kh7 47. Rd8 Qe7 48. Rd7 Qxh4+ 49. Kg1 Re1# 0-1

[Event "January 9 Late 2024"]
[Site "https://www.chess.com"]
[Date "2024.01.09"]
[Round "9"]
[White "Paragua, Megan Althea"]
[Black "Aliakbarov, Anar"]
[Result "0-1"]
[Board "90"]
[TimeControl "180+1"]
[WhiteFideId "30973007"]
[BlackFideId "13401858"]
[WhiteElo "2405"]
[BlackElo "2548"]
[WhiteTeam "USA"]
[BlackTeam "TUR"]
[WhiteClock "0:00:00"]
[BlackClock "0:00:11"]

1. d4 d5 2. Nd2 Nf6 3. b3 Bf5 4. Bb2 e6 5. Ngf3 h6 6. g3 Nbd7 7. Bg2 Bd6 8. O-O O-O 9. c4 c6 10. Ne5 Qc7 11. f4 Ng4 12. Nxg4 Bxg4 13. c5 Be7 14. h3 Bh5 15. g4 Bg6 16. Nf3 Qxf4 17. Bc1 Qc7 18. Qe1 Be4 19. Qf2 e5 20. Nxe5 Nxe5 21. Bf4 Bf6 22. Bxe4 dxe4 23. Qh2 Nxg4 24. hxg4 Qe7 25. e3 Qe6 26. Kh1 Qxg4 27. Bxh6 Rad8 28. Rg1 Qf3+ 29. Rg2 Rd5 30. Bxg7 Bxg7 31. Kg1 Rh5 32. Qd6 Qxe3+ 33. Rf2 Bxd4 0-1

[Event "January 9 Late 2024"]
[Site "https://www.chess.com"]
[Date "2024.01.09"]
[Round "9"]
[White "Rees, Ioan"]
[Black "Erzhanov, Arman"]
[Result "1-0"]
[Board "91"]
[TimeControl "180+1"]
[WhiteFideId "1801236"]
[BlackFideId "4138821"]
[WhiteElo "2402"]
[BlackElo "2548"]
[WhiteTeam "WLS"]
[BlackTeam "KAZ"]
[WhiteClock "0:00:09"]
[BlackClock "0:00:00"]

1. Nf3 c5 2. c3 Nc6 3. d4 cxd4 4. cxd4 d5 5. Nc3 Nf6 6. Bf4 a6 7. Ne5 e6 8. e3 Qb6 9. Qc2 Nxe5 10. Bxe5 Bd7 11. Bd3 Rc8 12. O-O Be7 13. Rfc1 g6 14. Qe2 O-O 15. h3 Bc6 16. Rc2 Nd7 17. Bf4 Qa5 18. Rac1 Nb6 19. g4 Na4 20. Nxa4 Qxa4 21. b3 Qa5 22. Bg3 Ba3 23. Rf1 Bd7 24. h4 Rxc2 25. Bxc2 Rc8 26. h5 Qc3 27. Bd3 Qb2 28. Qf3 Be7 29. Bb1 Rc1 30. Bd3 Rxf1+ 31. Bxf1 Qxa2 32. Qf4 Qxb3 33. Qb8+ Kg7 34. Bf4 g5 35. Be5+ f6 36. Bd6 Kf7 37. Bxe7 Kxe7 38. Qg8 Qd1 39. Qxh7+ Kd6 40. Qd3 Qxg4+ 41. Bg2 Qxh5 42. Qa3+ Kc7 43. Qc5+ Bc6 44. Qe7+ Bd7 45. Qc5+ Kd8 46. Qf8+ Qe8 47. Qxf6+ Qe7 48. Qh8+ Kc7 49. Qe5+ Kb6 50. Qb8 Bc6 51. Qc8 Ka7 52. Qg8 Qf6 53. Bh3 e5 54. dxe5 Qxe5 55. Qh7 d4 56. Bd7 1-0

[Event "January 9 Late 2024"]
[Site "https://www.chess.com"]
[Date "2024.01.09"]
[Round "9"]
[White "Prieto Aranguren, Alain"]
[Black "Maltsevskaya, Aleksandra"]
[Result "1-0"]
[Board "92"]
[TimeControl "180+1"]
[WhiteFideId "2268906"]
[BlackFideId "24174041"]
[WhiteElo "2396"]
[BlackElo "2547"]
[WhiteTeam "ESP"]
[BlackTeam "POL"]
[WhiteClock "0:00:23"]
[BlackClock "0:00:00"]

1. d4 Nf6 2. c4 g6 3. Nc3 Bg7 4. e4 O-O 5. Be2 d6 6. Nf3 e5 7. dxe5 dxe5 8. Qxd8 Rxd8 9. Bg5 Re8 10. Nd5 Nxd5 11. cxd5 c6 12. Bc4 b5 13. Bb3 a5 14. a4 Bb7 15. d6 Nd7 16. O-O Bf8 17. Rfd1 Kg7 18. Rac1 Rac8 19. axb5 c5 20. Bd5 Rb8 21. Bc6 Bc8 22. Be3 Re6 23. Ng5 Rf6 24. Bxc5 Nxc5 25. Rxc5 Bxd6 26. Rcd5 Bc7 27. Nf3 Be6 28. R5d2 h6 29. h4 Bc4 30. Rd7 Bb6 31. Nxe5 Bxf2+ 32. Kh2 Bxb5 33. Bxb5 Rxb5 34. Ng4 Rf4 35. Nxf2 Rxf2 36. R1d2 Rf4 37. R7d5 Rxh4+ 38. Kg3 1-0

[Event "January 9 Late 2024"]
[Site "https://www.chess.com"]
[Date "2024.01.09"]
[Round "9"]
[White "Albuquerque Junior,Wellington S."]
[Black "Hajiyev, Kanan"]
[Result "0-1"]
[Board "93"]
[TimeControl "180+1"]
[WhiteFideId "2151480"]
[BlackFideId "13404148"]
[WhiteElo "2373"]
[BlackElo "2545"]
[WhiteTeam "BRA"]
[BlackTeam "AZE"]
[WhiteClock "0:00:00"]
[BlackClock "0:01:01"]

1. c4 c6 2. g3 d5 3. Nf3 Nf6 4. Bg2 g6 5. b3 Bg7 6. Bb2 O-O 7. O-O Bg4 8. d3 Nbd7 9. Nc3 e5 10. cxd5 cxd5 11. h3 d4 12. Nb1 Bf5 13. Nbd2 Rc8 14. Ng5 Qb6 15. g4 Be6 16. Nxe6 fxe6 17. Nc4 Qa6 18. a4 Nd5 19. Qd2 Nc5 20. Ra3 Nf4 21. b4 Nxg2 22. Kxg2 Nxa4 23. Kg1 b5 24. Na5 Qb6 25. Ba1 Rf7 26. e3 dxe3 27. Qxe3 Qxe3 28. fxe3 Rxf1+ 29. Kxf1 Rc1+ 30. Ke2 e4 31. Bxg7 exd3+ 32. Kxd3 Kxg7 33. Nb7 Kf6 34. Nc5 Nxc5+ 35. bxc5 Rxc5 36. Rxa7 h5 37. gxh5 Rxh5 38. Rb7 Rd5+ 39. Ke4 Kg5 40. Re7 Kf6 41. Rb7 Rc5 42. Rb6 Rc4+ 43. Kd3 Rb4 44. Kc3 Rh4 45. Rxb5 Rxh3 46. Kd4 Rh4+ 47. Kd3 Rh1 48. Ke4 Rd1 49. Rb8 Rd7 50. Rf8+ Rf7 51. Ra8 g5 52. Ra1 Kg6 53. Ke5 Rf8 0-1

[Event "January 9 Late 2024"]
[Site "https://www.chess.com"]
[Date "2024.01.09"]
[Round "9"]
[White "Ferreira, Vitor Hugo Vieira"]
[Black "Lemos, Dawton Almino"]
[Result "1-0"]
[Board "94"]
[TimeControl "180+1"]
[WhiteFideId "2119765"]
[BlackFideId "2146797"]
[WhiteElo "2543"]
[BlackElo "2372"]
[WhiteTeam "BRA"]
[BlackTeam "BRA"]
[WhiteClock "0:01:49"]
[BlackClock "0:00:05"]

1. d4 Nf6 2. c4 e6 3. Nf3 d5 4. Nc3 Be7 5. Bf4 O-O 6. e3 Bd6 7. Ne5 Nbd7 8. Qc2 dxc4 9. Bxc4 Qe7 10. O-O-O a6 11. g4 c5 12. g5 Nh5 13. Nxd7 Bxf4 14. Nxf8 1-0

[Event "January 9 Late 2024"]
[Site "https://www.chess.com"]
[Date "2024.01.09"]
[Round "9"]
[White "Melamed, Daniel"]
[Black "Gurevich, Dmitry"]
[Result "1-0"]
[Board "95"]
[TimeControl "180+1"]
[WhiteFideId "3229076"]
[BlackFideId "2000407"]
[WhiteElo "2349"]
[BlackElo "2537"]
[WhiteTeam "AUS"]
[BlackTeam "USA"]
[WhiteClock "0:00:42"]
[BlackClock "0:00:04"]

1. d4 Nf6 2. Nf3 c5 3. d5 b5 4. Bg5 g6 5. Bxf6 exf6 6. e4 a6 7. a4 b4 8. Nbd2 d6 9. Nc4 a5 10. Bd3 Bg7 11. O-O O-O 12. Re1 Re8 13. Qd2 Qc7 14. Qf4 Rd8 15. h4 Ba6 16. Nfd2 h5 17. Rad1 Qe7 18. b3 Kh7 19. Nb6 Bxd3 20. Nxa8 Bxc2 21. Rc1 Bd3 22. Qf3 Ba6 23. Nb6 Bh6 24. Rcd1 Nd7 25. Nbc4 Ne5 26. Nxe5 fxe5 27. Nc4 Bxc4 28. bxc4 Rf8 29. Rd3 f5 30. exf5 Rxf5 31. Qe4 Rf4 32. Qe2 Rxc4 33. Rf3 Rxh4 34. Qa6 b3 35. Rxb3 Rxa4 36. Rb7 Qxb7 37. Qxb7+ Bg7 38. Qd7 1-0

[Event "January 9 Late 2024"]
[Site "https://www.chess.com"]
[Date "2024.01.09"]
[Round "9"]
[White "Kopczynski, Michal"]
[Black "Kornyukov, Alexey"]
[Result "0-1"]
[Board "96"]
[TimeControl "180+1"]
[WhiteFideId "1124200"]
[BlackFideId "4150457"]
[WhiteElo "2532"]
[BlackElo "2294"]
[WhiteTeam "POL"]
[BlackTeam "RUS"]
[WhiteClock "0:01:48"]
[BlackClock "0:00:35"]

1. e4 c5 2. d4 cxd4 3. c3 Nf6 4. Bd3 Nc6 5. f4 d5 6. e5 Ne4 7. Nf3 dxc3 8. Nxc3 Nxc3 9. bxc3 Bg4 10. O-O e6 11. Kh1 Bc5 12. Rb1 Rb8 13. Qe1 O-O 14. Qg3 Bxf3 15. Rxf3 f5 16. exf6 Qxf6 17. Qh3 g6 18. Rg3 Ne7 19. Qh6 Nf5 20. Rg5 Nxh6 0-1

[Event "January 9 Late 2024"]
[Site "https://www.chess.com"]
[Date "2024.01.09"]
[Round "9"]
[White "Jose Iraeta, Alejandro"]
[Black "Storn, Justin"]
[Result "1-0"]
[Board "97"]
[TimeControl "180+1"]
[WhiteFideId "2226537"]
[BlackFideId "30922720"]
[WhiteElo "2267"]
[BlackElo "2438"]
[WhiteTeam "ESP"]
[BlackTeam "USA"]
[WhiteClock "0:00:06"]
[BlackClock "0:00:03"]

1. e4 e6 2. d4 d5 3. exd5 exd5 4. c4 Nf6 5. Nf3 Be7 6. Nc3 O-O 7. Be2 dxc4 8. Bxc4 Bg4 9. Be3 Nbd7 10. O-O Nb6 11. Bb3 c6 12. h3 Bh5 13. Re1 Nbd5 14. Nxd5 Nxd5 15. Bd2 Bf6 16. Bc3 Qd6 17. Qd3 Nf4 18. Qe4 Bg6 19. Qe3 Bh5 20. Ne5 Nd5 21. Bxd5 Qxd5 22. g4 Bg6 23. Nxg6 hxg6 24. Qd2 Rfe8 25. Rxe8+ Rxe8 26. a3 Re4 27. f3 Re6 28. Rf1 Qc4 29. Rf2 Qd5 30. Kg2 Bh4 31. Re2 Bg5 32. Qe1 Rxe2+ 33. Qxe2 Bf4 34. Qe8+ Kh7 35. Qe4 Qg5 36. Be1 Bd6 37. h4 Qb5 38. Bc3 Qd5 39. Qxd5 cxd5 40. Be1 Bf4 41. b3 Be3 42. Bf2 Bd2 43. Bg3 b5 44. Bd6 a6 45. Bc5 f6 46. Kf2 g5 47. hxg5 Bxg5 48. Kg3 Bc1 49. f4 Kg6 50. Kf3 Kf7 51. Bd6 Ke6 52. Bc5 g6 53. Kg3 f5 54. gxf5+ gxf5 55. Kf3 Kd7 56. Kg3 Kc6 57. Kf3 a5 58. Kg3 a4 59. bxa4 bxa4 60. Kf3 Kb5 61. Bd6 Kc4 62. Bc5 Kb3 63. Kg3 Bxa3 64. Kh4 Bxc5 65. dxc5 a3 66. c6 a2 67. c7 a1=Q 68. c8=Q Qf6+ 69. Kh3 d4 70. Qb7+ Kc4 71. Qc8+ Kd3 72. Qa6+ Ke3 73. Qxf6 d3 74. Qe5+ Kf2 75. Qxf5 d2 76. Qd5 Ke1 77. Qxd2+ Kf1 78. f5 Kg1 79. f6 Kh1 80. f7 Kg1 81. Qg2# 1-0

[Event "January 9 Late 2024"]
[Site "https://www.chess.com"]
[Date "2024.01.10"]
[Round "9"]
[White "Saha, Ananda"]
[Black "Hambleton, Aman"]
[Result "0-1"]
[Board "98"]
[TimeControl "180+1"]
[WhiteFideId "2619644"]
[BlackFideId "2606577"]
[WhiteElo "2501"]
[BlackElo "2687"]
[WhiteTeam "CAN"]
[BlackTeam "CAN"]
[WhiteClock "0:00:06"]
[BlackClock "0:00:05"]

1. e4 b6 2. d4 Bb7 3. Bd3 e6 4. Nf3 d5 5. e5 Ba6 6. Bxa6 Nxa6 7. O-O Qd7 8. Nbd2 c5 9. Re1 Ne7 10. c3 Rc8 11. a3 c4 12. Nf1 h6 13. Ng3 g6 14. h4 Nf5 15. Bf4 Nc7 16. Nf1 Be7 17. g3 b5 18. N1h2 h5 19. Nf1 a5 20. Qd2 Kf8 21. Bg5 Kg7 22. Ne3 Rb8 23. Nxf5+ exf5 24. e6 Nxe6 25. Ne5 Bxg5 26. hxg5 Qd8 27. Nc6 Qxg5 28. Qe2 Ra8 29. Qe5+ Qf6 30. Qxd5 h4 31. Qe5 hxg3 32. fxg3 Ng5 33. Kg2 Ra6 34. Qxf6+ Kxf6 35. Ne7 Rd8 36. Re5 Ne4 37. Nd5+ Kg7 38. Nf4 b4 39. axb4 g5 40. Nh3 f6 41. Rxf5 Nd6 42. g4 Nxf5 43. gxf5 Rda8 44. b5 Rb6 45. Kf3 Rxb5 46. Ra2 Rxf5+ 47. Kg4 Rb5 48. Nf2 Kg6 49. Kf3 Rab8 50. Ne4 R8b6 51. Ra4 f5 52. Nc5 f4 53. Rxc4 Kf5 54. Ra4 g4+ 55. Ke2 Rxb2+ 56. Kd3 g3 57. Rxa5 Kg4 58. Ne4 Kf3 59. Rg5 g2 60. Rg8 Rb1 61. Ng5+ Kf2 62. Ne4+ Kf1 63. Nd2+ Kf2 64. Ne4+ Kg1 65. Ng5 R6b2 66. Nf3+ Kf2 67. Ng5 Rd1+ 68. Kc4 f3 69. Ne4+ Ke3 70. Ng5 g1=Q 71. Re8+ Kf2 72. Ne6 Kf1 73. Nc5 Qf2 74. Kd5 Qe2 75. Re4 Qxe4+ 76. Nxe4 f2 77. Ng3+ Kg1 78. Ne4 f1=Q 79. Nc5 Qg2+ 80. Kc4 Rc2 81. Nb3 Rdc1 0-1